 Dungeon Crawl Stone Soup version 0.23-a0-677-g07611c5 (webtiles) character file.

16 Amnesiac the Ruffian (level 2, 0/24 HPs)
             Began as a Draconian Transmuter on Jan 9, 2019.
             Succumbed to an adder's poison
             ... on level 2 of the Dungeon.
             The game lasted 00:00:54 (137 turns).

Amnesiac the Ruffian (Draconian Transmuter)          Turns: 137, Time: 00:00:55

Health: 0/24       AC:  4    Str: 12    XL:     2   Next: 41%
Magic:  4/5        EV: 12    Int: 13    God:
Gold:   30         SH:  0    Dex: 11    Spells: 4/5 levels left

rFire    . . .     SeeInvis .     - Unarmed
rCold    . . .     Gourm    .   (no shield)
rNeg     . . .     Faith    .   (armour unavailable)
rPois    .         Spirit   .   (helmet restricted)
rElec    .         Reflect  .   (no cloak)
rCorr    .         Harm     .   (no gloves)
MR       .....                  (boots currently unavailable)
Stlth    +.........             (no amulet)
HPRegen  0.08/turn              (no ring)
MPRegen  0.09/turn              (no ring)

@: lethally poisoned (0 -> -4), appendage (expiring), berserk cooldown, very
slightly contaminated, slowed, invisible, very slow
A: unfitting armour, talons 3, cold-blooded, AC +4
a: End Transformation


You were on level 2 of the Dungeon.
You were not hungry.
You had grown temporary talons.
You visited 1 branch of the dungeon, and saw 3 of its levels.

You collected 30 gold pieces.

Inventory:

Missiles
 a - 12 arrows
Scrolls
 d - a scroll of remove curse {!r, unknown}
Comestibles
 c - 4 rations


   Skills:
 + Level 2.0 Fighting
 - Level 1.7 Dodging
 - Level 3.2 Unarmed Combat
 - Level 2.1 Spellcasting
 - Level 2.1 Transmutations


You had 4 spell levels left.
You knew the following spells:

 Your Spells              Type           Power        Failure   Level  Hunger
a - Beastly Appendage     Tmut           #.....       11%         1    ##.....

Your spell library contained the following spells:

 Spells                   Type           Power        Failure   Level  Hunger
 Sticks to Snakes         Tmut           #.......     16%         2    ###....
 Spider Form              Tmut/Pois      #.........   43%         3    ####...
 Ice Form                 Ice/Tmut       #.......     85%         4    #####..
 Blade Hands              Tmut           #.........   96%         5    ######.


Dungeon Overview and Level Annotations

Branches:
Dungeon (3/15)

Altars:


Innate Abilities, Weirdness & Mutations

Your plain brown scales are hard. (AC +4)
You cannot fit into any form of body armour.
You are cold-blooded and may be slowed by cold attacks.
You have claws for feet.


Message History

The dart slug launches a dart at you. The slug dart hits you!
You hit the dart slug.
You kill the dart slug!
d - a scroll labeled OWNEXA GUCYOD {!r}
There are no items here.
There is a stone staircase leading down here.
You climb downwards. 2 orc priests and an orc wizard come into view.
The orc wizard shouts!
You hear a shout!
There is a stone staircase leading up here.
You climb upwards.
There is a stone staircase leading down here.
You see here a murky sapphire potion {!q}.
An adder is nearby!
e - a murky sapphire potion {!q} The adder completely misses you.
You hit the adder but do no damage. The adder bites you.
* * * LOW HITPOINT WARNING * * *
The adder bites you.
* * * LOW HITPOINT WARNING * * *
You are lethally poisoned!
The adder poisons you!
Casting: Beastly Appendage (safe; 11% risk of failure)
Confirm with . or Enter, or press ? or * to list all spells.
You don't know that spell.
Casting: Beastly Appendage (safe; 11% risk of failure)
Confirm with . or Enter, or press ? or * to list all spells.
Your feet morph into talons.
* * * LOW HITPOINT WARNING * * *
You feel sick. The adder closely misses you.
You barely miss the adder.
* * * LOW HITPOINT WARNING * * *
You feel sick. The adder barely misses you.
Okay, then.
Really quaff
b - a red potion {!q}?
It was a potion of berserk rage {!q}.
A red film seems to cover your vision as you go berserk!
You feel yourself moving faster!
You feel mighty! The adder bites you but does no damage.
You closely miss the adder. The adder bites you.
* * * LOW HITPOINT WARNING * * *
You closely miss the adder.
* * * LOW HITPOINT WARNING * * *
You feel sick. The adder barely misses you.
You punch the adder!
You kill the adder!
Your Fighting skill increases to level 2!
You have reached level 2!
You feel a strong urge to attack something.
* * * LOW HITPOINT WARNING * * *
You feel sick.
You feel your anger nearly subside.
You are no longer berserk.
You are exhausted.
You feel yourself slow down.
Really quaff
e - a murky sapphire potion {!q}?
It was a potion of invisibility {!q}.
You fade into invisibility!
Your transformation is almost over.
You are very lightly contaminated with residual magic.
* * * LOW HITPOINT WARNING * * *
You feel sick.
* * * LOW HITPOINT WARNING * * *
You feel sick.
You die...

....... ..## .P .)..... #..# .♣
....... ##..## .♣ ≈ .........
....# .♣ ≈≈ #........ #..# ##.♣
≈≈≈ #..#. ... #..###..# ≈≈P≈
####....###.#######...##.###≈≈≈≈≈
...............@...........♣
......##..###........####♣
#####.##.###.###........#
........<............>..#
####.....#.#..##.####..##
#.....#.#.[##.# #..#
#.....#^#..##.# #...#
.......#8#...... ......
####.#.##^#...## ##...###


There were no monsters in sight!

Vanquished Creatures
  An adder (D:2)
  2 dart slugs (D:2)
  A goblin (D:1)
4 creatures vanquished.

Notes
Turn   | Place    | Note
-------+----------+-------------------------------------------
     0 | D:1      | Amnesiac the Draconian Transmuter began the quest for the
                  | Orb.
     0 | D:1      | Reached XP level 1. HP: 16/16 MP: 3/3
   111 | D:3      | Noticed an orc priest
   111 | D:3      | Noticed an orc priest
   111 | D:3      | Noticed an orc wizard
   126 | D:2      | Reached XP level 2. HP: 4/24 MP: 3/5
   132 | D:2      | HP: 1/24 [poisoned by an adder]
   137 | D:2      | Succumbed to an adder's poison

Vault maps used:
D:1:      evilmike_arrival_fibonacci_small, serial_park_tiny_pond,
          hangedman_decor_points
D:2:      serial_bayou, serial_bayou_pond_b, serial_bayou_crossing,
          serial_bayou_lagoon_a, serial_bayou_ford_a,
          ebering_dispersal_statue_hall
D:3:      minmay_misc_feat_five, minmay_hedge_maze, uniq_ijyb

Skill      XL: |  1 |
---------------+----+-----
Fighting       | 2 |  2.0
Dodging        | |  1.7
Unarmed Combat | |  3.2
Spellcasting   | |  2.1
Transmutations | |  2.1

Action                   || total
-------------------------++-------
Melee: Unarmed           ||    14
       Tailslap          ||     3
 Cast: Beastly Appendage ||     1
  Use: Potion            ||     2
 Stab: Sleeping          ||     1
Armor: Skin              ||     1
Dodge: Dodged            ||     9

Table legend:
 A = Non-vault XP
 B = Vault XP
 C = Vault XP percentage of total XP
 D = Non-vault monster count
 E = Vault monster count
 F = Vault count percentage of total count
                 A         B        C        D         E       F
            +---------+---------+-------+---------+---------+-------
      Total |      24 |       0 |   0.0 |       4 |       0 |   0.0
            +---------+---------+-------+---------+---------+-------
        D:1 |       2 |       0 |   0.0 |       1 |       0 |   0.0
        D:2 |      22 |       0 |   0.0 |       3 |       0 |   0.0
            +---------+---------+-------+---------+---------+-------
